 Dungeon Crawl Stone Soup version 0.19-a0-442-g8935a21 (webtiles) character file.

175 Musica the Stinger (level 5, -1/42 HPs)
             Began as a Naga Venom Mage on May 31, 2016.
             Killed by divine providence
             ... invoked by an orc priest
              (12 damage)
             ... on level 4 of the Dungeon on June 1, 2016.
             The game lasted 00:16:36 (3366 turns).

Musica the Stinger (Naga Venom Mage)                Turns: 3366, Time: 00:16:36

Health: -1/42      AC:  2    Str: 11    XL:     5   Next: 55%
Magic:  7/9        EV: 10    Int: 21    God:
Gold:   107        SH:  0    Dex: 11    Spells: 2 memorised, 5 levels left

rFire  . . .     SeeInvis +     l - +0 lajatang
rCold  . . .     Gourm    .     a - +0 robe
rNeg   . . .     Faith    .     (shield currently unavailable)
rPois  +         Spirit   .     (no helmet)
rElec  .         Dismiss  .     (no cloak)
rCorr  .         Reflect  .     (no gloves)
SustAt .         Harm     .     (no barding)
MR     .....                    (no amulet)
Stlth  +++.......               (no ring)
                                (no ring)

@: brilliant, very slow, not resistant to hostile enchantments, fairly stealthy
A: see invisible, deformed body, poison resistance, slowness 2, slow metabolism
1, spit poison 2, AC +1
a: Spit Poison


You were on level 4 of the Dungeon.
You were not hungry.

You visited 1 branch of the dungeon, and saw 5 of its levels.

You collected 107 gold pieces.

Inventory:

Hand Weapons
 g - a +0 club
 h - a +1 short sword
 l - a +0 lajatang (weapon)
 p - a cursed -2 short sword
Armour
 a - a +0 robe (worn)
Scrolls
 d - 2 scrolls of enchant weapon
 q - a scroll of fog
 r - 2 scrolls of remove curse
Potions
 i - a potion of flight {unknown}
Books
 b - a Young Poisoner's Handbook

   Spells                             Type                      Level
   a - Sting                          Conjuration/Poison           1
   b - Cure Poison                    Poison                       2
   c - Mephitic Cloud                 Conjuration/Poison/Air       3
   d - Olgreb's Toxic Radiance        Poison                       4
   e - Venom Bolt                     Conjuration/Poison           5
Comestibles
 c - 2 bread rations
 f - 2 meat rations
 j - a royal jelly
 n - 5 chunks of flesh
 o - a beef jerky


   Skills:
 + Level 0.2 Staves
 - Level 1.5 Dodging
 + Level 3.7 Stealth
 * Level 2.6 Spellcasting
 + Level 2.2 Conjurations
 * Level 2.0 Air Magic
 + Level 6.6 Poison Magic


You had 5 spell levels left.
You knew the following spells:

 Your Spells              Type           Power        Failure   Level  Hunger
a - Sting                 Conj/Pois      ####         1%          1    None
b - Mephitic Cloud        Conj/Pois/Air  ####....     1%          3    ###....


Dungeon Overview and Level Annotations

Branches:
Dungeon (5/15)
 Temple: D:4-7

Altars:
Okawaru


Innate Abilities, Weirdness & Mutations

You cannot wear boots.
Your serpentine skin is tough. (AC +1)
You have supernaturally acute eyesight. (SInv)
Armour fits poorly on your strangely shaped body.
Your system is resistant to poisons. (rPois)
You cover ground very slowly.
You have a slow metabolism.
You can spit poison.


Message History

The orc is lightly wounded.
You are no longer glowing.
The gnoll is engulfed in noxious fumes.
The gnoll appears confused.
The gnoll hits the gnoll shaman.
The orc hits you with a dagger.
* * * LOW HITPOINT WARNING * * *
The gnoll is engulfed in noxious fumes.
The gnoll appears confused.
The gnoll misses the gnoll.
The gnoll hits the gnoll shaman.
An orc comes into view. It is wielding a short sword.
An orc priest comes into view. It is wielding a flail.
The orc priest shouts!
You hear a shout!
The orc hits you with a short sword.
* * * LOW HITPOINT WARNING * * *
The orc priest moves out of view.
The orc barely misses you.
An orc comes into view. It is wielding a flail.
The orc shouts!
The gnoll hits the gnoll shaman but does no damage.
The orc priest mumbles some strange prayers to Beogh against you.
Beogh smites you!
You die...

.....#...#.......# ......
.............###.# #......
......._.......... #......
.............###o# ##### #......
.....#...#......og .g.####.....#
####.##.##....##.#####.#.........
#............o.o..gg..........
#....##.####.#########.......
..### #@# #....... ... #.#
#....... ..## #.# #....... #.#
#....... ..# ######## ###


You could see an orc priest, a gnoll and 2 orcs.

Vanquished Creatures
  An orc wizard (D:4)
  A worker ant (D:4)
  A gnoll (D:4)
  5 adders
  3 worms (D:2)
  A dart slug (D:1)
  A giant gecko (D:2)
  An orc (D:3)
  4 giant cockroaches
  5 goblins
  10 hobgoblins
  4 jackals (D:4)
  2 quokkas
  A ball python (D:1)
  5 bats
  A giant gecko skeleton (D:4)
  5 giant newts
  8 kobolds
  10 rats
69 creatures vanquished.

Notes
Turn   | Place    | Note
--------------------------------------------------------------
     0 | D:1      | Musica the Naga Venom Mage began the quest for the Orb.
     0 | D:1      | Reached XP level 1. HP: 15/15 MP: 3/3
   211 | D:1      | Reached XP level 2. HP: 22/22 MP: 1/5
   859 | D:1      | Reached skill level 6 in Poison Magic
  1048 | D:1      | Reached XP level 3. HP: 28/28 MP: 4/6
  1449 | D:2      | Reached skill level 1 in Conjurations
  1454 | D:2      | Learned a level 3 spell: Mephitic Cloud
  2017 | D:2      | Reached XP level 4. HP: 28/36 MP: 1/7
  2097 | D:2      | Reached skill level 1 in Air Magic
  2504 | D:2      | Upgraded the game from 0.19-a0-406-ge21436e to 0.19-a0-442-g8935a21
  3065 | D:4      | Reached XP level 5. HP: 26/42 MP: 8/8
  3068 | D:4      | Found an iron altar of Okawaru.
  3316 | D:5      | Entered Level 5 of the Dungeon
  3366 | D:4      | Killed from afar by an orc priest

Vault maps used:
D:1:      lemuel_arrival_funnel, moated_statue
D:2:      serial_co_window_serial, co_window_paths_a, co_window_paths_b,
          co_window_corner_a, co_window_paths_a, co_window_corner_a,
          co_window_paths_b, co_window_paths_a, co_window_paths_c,
          co_window_cross_2, co_window_broadway_b, co_window_of_opportunity_c,
          co_window_cross_2, co_window_4corner_a, st_stairs_2
D:3:      kennysheep_slug_shrine, first_bread
D:4:      lemuel_doored_altar, okawaru_gym_becter, uniq_edmund
D:5:      vehumet_statue

Skill      XL: |  1  2  3  4  5 |
---------------+----------------+-----
Poison Magic   | 6 |  6.6
Conjurations   | 1 2 |  2.2
Air Magic      | 1 2 |  2.0
Staves         | |  0.2
Dodging        | |  1.5
Stealth        | |  3.7
Spellcasting   | |  2.6

Action                   |  1- 3 |  4- 6 || total
-------------------------+-------+-------++-------
Melee: Unarmed           |     2 |       ||     2
       Short sword       |    68 |     7 ||    75
       Lajatang          |       |    59 ||    59
 Cast: Sting             |    58 |    37 ||    95
       Mephitic Cloud    |     1 |     4 ||     5
  Use: Scroll            |     5 |     3 ||     8
       Potion            |       |     3 ||     3
 Stab: Sleeping          |     3 |     4 ||     7
       Confused          |       |     1 ||     1
  Eat: Chunk             |     3 |     5 ||     8
Armor: Robe              |    12 |    41 ||    53
Dodge: Dodged            |    41 |    58 ||    99
